 Dungeon Crawl Stone Soup version 0.26-a0-50-gc4d14cd842 (webtiles) character file.

Game seed: 9007101449283695887

957 sanka the Spear-Bearer (level 8, -4/58 HPs)
             Began as a Human Abyssal Knight on June 4, 2020.
             Was a Priest of Lugonu.
             Slain by an ogre
             ... wielding a +0 giant club
              (23 damage)
             ... on level 3 of the Dungeon.
             The game lasted 00:11:20 (5384 turns).

sanka the Spear-Bearer (Human Abyssal Knight)       Turns: 5384, Time: 00:11:21

Health: -4/58      AC: 15    Str: 15    XL:     8   Next: 37%
Magic:  9/9        EV: 10    Int: 12    God:    Lugonu [***...]
Gold:   217        SH:  0    Dex: 13    Spells: 7/7 levels left

rFire    . . .     SeeInvis +   G - +0 trident
rCold    . . .     Gourm    .   (no shield)
rNeg     . . .     Faith    .   s - +0 ring mail
rPois    .         Spirit   .   E - +2 helmet
rElec    .         Reflect  .   (no cloak)
rCorr    .         Harm     .   r - +2 pair of gloves
MR       .....                  (no boots)
Stlth    +.........             b - amulet of inaccuracy (curse)
HPRegen  0.19/turn              j - +4 ring of protection
MPRegen  0.11/turn              y - ring of see invisible

@: no status effects
A: no striking features
a: Depart the Abyss, Bend Space, Banish, Renounce Religion


You were on level 3 of the Dungeon.
You worshipped Lugonu.
Lugonu was most pleased with you.
You were not hungry.

You visited 1 branch of the dungeon, and saw 5 of its levels.
You visited the Abyss 1 time.

You collected 217 gold pieces.


   Skills:
 - Level 3.0 Fighting
 + Level 9.3 Polearms
 - Level 2.0 Armour
 - Level 1.0 Dodging
 - Level 2.0 Invocations


You had 7 spell levels left.
You didn't know any spells.
Your spell library was empty.

Inventory:

Hand Weapons
 a - a +1 spear
 p - a +1 vorpal hand axe
 G - a +0 trident (weapon)
Missiles
 d - 125 stones (quivered)
 v - 9 poisoned darts
 w - 3 javelins
 C - 3 boomerangs
Armour
 r - a +2 pair of gloves (worn)
 s - a +0 ring mail (worn)
 E - a +2 helmet (worn)
Jewellery
 b - a cursed amulet of inaccuracy (around neck)
 j - a +4 ring of protection (left hand)
 o - an uncursed ring of wizardry
 y - a ring of see invisible (right hand)
Scrolls
 e - a scroll of fog {unknown}
 f - 2 scrolls of teleportation {@r4}
 g - a scroll of magic mapping
 h - 2 scrolls of amnesia
 i - a scroll of immolation {unknown}
 l - 2 scrolls of remove curse {unknown}
 u - a scroll of enchant weapon
 x - a scroll of fear {unknown}
 B - a scroll of random uselessness {unknown}
Potions
 k - 2 potions of curing {@q1}
 m - 2 potions of stabbing {unknown}
 n - 2 potions of might {unknown}
 q - 2 potions of mutation {unknown}
 t - a potion of lignification {unknown}
 A - 2 potions of heal wounds {unknown}
 D - a potion of haste {unknown}
 F - a potion of ambrosia {unknown}
Comestibles
 c - 12 rations
 z - a chunk of flesh

Dungeon Overview and Level Annotations

Branches:
Dungeon (5/15)
 Temple: D:4-7

Altars:
Qazlal
Uskayaw
Vehumet

Annotations:
D:4 Sigmund

.▒.....▒.▒▒.▒▒.....▒▒.▒ ▒.
.▒.▒.▒▒▒.▒▒.▒▒...)....▒ ▒. .▒.▒.▒
▒.▒▒...........▒▒ ▒.
.▒.▒.▒▒▒........O..▒...▒▒▒ ▒.
..........▒▒▒▒..▒▒▒▒..>..▒ ▒▒.
..........▒ ▒...▒ ▒.).▒.▒ ▒▒.▒
▒▒▒▒.▒▒▒▒▒▒▒▒.[▒▒▒ ▒▒▒▒▒.▒ ▒▒.▒▒
▒▒▒▒.▒ ▒.......O>▒ ▒.▒ ▒▒.▒▒
.....▒ ▒.▒▒▒▒..▒p▒ ▒.▒ ▒.▒▒
▒▒▒▒▒▒ ▒.▒ ▒..▒.▒ ▒.▒ ▒▒.▒▒ ▒ ▒.▒
▒..▒.▒ ▒.▒ ▒▒.▒▒ ▒ ▒.▒ ▒..▒.▒ ▒O▒
▒▒.▒ ▒▒▒▒▒▒▒▒.▒ ▒..▒.▒▒▒▒▒ ▒.▒
▒.. .▒_▒.▒⌠▒>▒
▒........▒▒▒.▒▒▒▒▒▒.▒
.▒.▒.▒.8.▒▒▒▒▒.▒...O.....(......▒
...............▒▒▒▒▒▒▒▒▒▒▒▒▒▒▒▒▒▒
..........▒▒▒▒▒▒


You could see an ogre.


Message History

The ogre is severely wounded.
You closely miss the ogre.
The ogre is severely wounded.
The ogre closely misses you.
The ogre shouts!
You puncture the ogre!
You kill the ogre!
Lugonu accepts your kill.
There is a stone staircase leading down, spattered with blood here.
You climb downwards.
Level annotation: Sigmund
There is a stone staircase leading up, spattered with blood here.
You start resting.
HP restored.
You climb upwards.
The ogre hits you with a +0 giant club.
There is a stone staircase leading down, spattered with blood here.
The ogre barely misses you.
You closely miss the ogre. You barely miss the ogre.
The ogre hits you with a +0 giant club!
You barely miss the ogre.
The ogre hits you with a +0 giant club!!
* * * LOW HITPOINT WARNING * * *
You puncture the ogre!
The ogre is moderately wounded.
You hit the ogre.
The ogre is moderately wounded.
The ogre hits you with a +0 giant club!!
You die...

Action                   |  1- 3 |  4- 6 |  7- 9 || total
-------------------------+-------+-------+-------++-------
Melee: Spear             |   107 |   318 |   287 ||   712
       Trident           |       |       |    42 ||    42
Invok: Bend Space        |       |     1 |     2 ||     3
  Use: Scroll            |       |     4 |       ||     4
       Potion            |       |     1 |       ||     1
  Eat: Chunk             |     1 |     9 |     5 ||    15
Armor: Leather armour    |    20 |       |       ||    20
       Ring mail         |     7 |   115 |    97 ||   219
Dodge: Dodged            |    36 |   106 |   126 ||   268

Levels and vault maps discovered:
D:1:      dpeg_arrival_tiny_k, layout_basic
D:2:      kennysheep_big_flooded_room, layout_loops_cross, first_ration,
          uniq_natasha
D:3:      layout_loops_ring, minitemple, chequers_serial_rivers_micro_c
D:4:      layout_rooms, uniq_sigmund
D:5:      layout_gridville, grunt_qazlal_sundering

Notes
Turn   | Place    | Note
-------+----------+-------------------------------------------
     0 | Abyss:1  | sanka the Human Abyssal Knight began the quest for the Orb.
     0 | Abyss:1  | Reached XP level 1. HP: 18/18 MP: 2/2
    87 | D:1      | Escaped the Abyss
   216 | D:1      | Reached XP level 2. HP: 24/24 MP: 3/3
   319 | D:1      | Reached skill level 3 in Polearms
   500 | D:1      | Reached XP level 3. HP: 29/29 MP: 4/4
   729 | D:2      | Reached ** piety under Lugonu
  1288 | D:2      | Reached skill level 4 in Polearms
  1288 | D:2      | Reached XP level 4. HP: 34/35 MP: 5/5
  1637 | D:2      | Reached XP level 5. HP: 41/41 MP: 6/6
  1646 | D:2      | Noticed Natasha
  1659 | D:2      | Killed Natasha
  1659 | D:2      | Reached skill level 5 in Polearms
  2399 | D:3      | Found a radiant altar of Vehumet.
  2409 | D:3      | Found a hide-covered altar of Uskayaw.
  2888 | D:4      | Noticed Sigmund
  2888 | D:4      | Noticed an ogre
  3024 | D:3      | Reached XP level 6. HP: 6/47 MP: 7/7
  3314 | D:3      | Reached skill level 6 in Polearms
  3547 | D:4      | Noticed an ogre
  3830 | D:4      | Noticed a phantom
  3881 | D:4      | Killed a phantom
  3881 | D:4      | Reached skill level 7 in Polearms
  3881 | D:4      | Reached XP level 7. HP: 31/52 MP: 8/8
  4177 | D:5      | Entered Level 5 of the Dungeon
  4438 | D:5      | Reached skill level 8 in Polearms
  4649 | D:5      | Found a stormy altar of Qazlal.
  4820 | D:5      | Reached XP level 8. HP: 53/58 MP: 9/9
  4901 | D:5      | Reached *** piety under Lugonu
  4994 | D:5      | Reached skill level 9 in Polearms
  5384 | D:3      | Slain by an ogre

Vanquished Creatures
  A phantom (D:4)
  3 ogres
  A bullfrog (D:4)
  A scorpion (D:4)
  2 crimson imps (D:5)
  6 hounds
  An orc wizard (D:3)
  An orc priest (D:3)
  A bullfrog skeleton (D:4)
  Natasha (D:2)
  4 gnolls (D:2)
  An adder (D:2)
  An ooze (D:2)
  2 worms
  5 dart slugs
  9 leopard geckos
  12 orcs
  5 giant cockroaches
  2 goblins
  2 hobgoblins
  3 jackals (D:5)
  3 quokkas
  2 ball pythons
  4 bats
  5 frilled lizards
  A jackal skeleton (D:5)
  A kobold (D:1)
  8 rats
88 creatures vanquished.
